[ AOE2 MATCH · #507288661 ]
UnrankedPersians vs Vietnamese
Player's team · LOSS
Rival team · WIN
[ REPLAY ANALYSIS · EXTRACTED FROM THE RECORDED GAME ]
Feudal
18:00
Castle
21:20
Imperial
—
| APM avg | 24.5 |
| APM peak | 57 |
| eAPM avg | 15.2 |
| Villagers / military | 124 / 25 |
Focus
⚔️ 20.8% · 🌾 79.2%
Knight ×8 · Monk ×4 · Scorpion ×4 · Battering Ram ×4 · Mangonel ×3 · War Elephant ×2
Feudal
9:16
Castle
23:34
Imperial
37:55
| APM avg | 58.4 |
| APM peak | 112 |
| eAPM avg | 21.5 |
| Villagers / military | 116 / 50 |
Focus
⚔️ 21.2% · 🌾 78.8%
Cavalry Archer ×27 · Archer ×5 · Trebuchet (Packed) ×5 · Mangonel ×4 · Battle Elephant ×4 · Knight ×2
Match map
Initial resources + every placement click. Lines = walls · curves = elevation contours. ◆ gold · ⬟ stone · ● berries · ✦ relic · ◌ wall gap
Your base· Open — unwalled flank
Rye's base· Open — unwalled flank
Smoothed initial terrain · ◌ = detected wall gap · hover for details
Inputs per minute
— Мамкин руинер - - Rye
Build order — Мамкин руинер
First 150 of 264 actions detected
| 0:01 | Queue | Villager (Male) ×5 |
| 0:02 | Build | House |
| 0:03 | Build | House |
| 1:48 | Build | Lumber Camp |
| 1:51 | Queue | Villager (Male) |
| 2:13 | Queue | Villager (Male) |
| 2:13 | Queue | Villager (Male) |
| 2:27 | Queue | Villager (Male) |
| 3:04 | Queue | Villager (Male) |
| 3:10 | Build | House |
| 3:34 | Queue | Villager (Male) |
| 3:48 | Queue | Villager (Male) |
| 4:20 | Queue | Villager (Male) |
| 4:38 | Queue | Villager (Male) |
| 4:39 | Queue | Villager (Male) |
| 4:56 | Queue | Villager (Male) |
| 4:59 | Build | House |
| 5:07 | Research | Loom |
| 5:08 | Queue | Villager (Male) |
| 5:09 | Queue | Villager (Male) |
| 6:39 | Build | Town Center |
| 6:57 | Build | Mill |
| 7:26 | Queue | Villager (Male) |
| 7:27 | Queue | Villager (Male) |
| 7:27 | Queue | Villager (Male) |
| 7:27 | Queue | Villager (Male) |
| 8:04 | Build | Palisade Wall |
| 8:06 | Build | Palisade Wall |
| 8:07 | Build | Palisade Wall |
| 8:09 | Build | Palisade Wall |
| 8:12 | Build | Palisade Wall |
| 9:48 | Queue | Villager (Male) |
| 10:23 | Queue | Villager (Male) |
| 11:35 | Queue | Villager (Male) |
| 12:58 | Queue | Villager (Male) |
| 12:58 | Queue | Villager (Male) |
| 13:25 | Queue | Villager (Male) |
| 13:31 | Build | House |
| 13:34 | Build | House |
| 14:21 | Queue | Villager (Male) |
| 14:21 | Queue | Villager (Male) |
| 14:26 | Build | Farm |
| 14:26 | Build | Farm |
| 14:26 | Build | Farm |
| 14:35 | Build | Farm |
| 14:47 | Queue | Villager (Male) |
| 14:48 | Queue | Villager (Male) |
| 15:03 | Build | Farm |
| 15:05 | Build | Farm |
| 15:29 | Build | Farm |
| 15:51 | Research | Feudal Age |
| 16:01 | Build | Farm |
| 16:01 | Build | Farm |
| 16:02 | Build | Farm |
| 17:29 | Build | Farm |
| 18:00 | Age | Feudal Age |
| 18:03 | Build | Market |
| 18:16 | Build | Blacksmith |
| 18:55 | Research | Castle Age |
| 19:38 | Build | Lumber Camp |
| 20:23 | Build | Mill |
| 20:52 | Research | Double-Bit Axe |
| 20:55 | Queue | Villager (Male) |
| 21:20 | Age | Castle Age |
| 21:25 | Build | Siege Workshop |
| 21:29 | Queue | Villager (Male) |
| 21:53 | Queue | Villager (Male) |
| 22:04 | Queue | Mangonel |
| 22:13 | Queue | Villager (Male) |
| 22:44 | Queue | Villager (Male) |
| 22:44 | Queue | Villager (Male) |
| 23:07 | Build | Lumber Camp |
| 23:17 | Queue | Villager (Male) |
| 23:17 | Queue | Villager (Male) |
| 23:56 | Research | Wheelbarrow |
| 24:01 | Build | House |
| 24:02 | Build | House |
| 24:03 | Build | House |
| 24:19 | Research | Bow Saw |
| 24:24 | Queue | Villager (Male) |
| 24:24 | Queue | Villager (Male) |
| 24:55 | Build | House |
| 25:00 | Research | Town Watch |
| 25:01 | Queue | Villager (Male) |
| 25:01 | Queue | Villager (Male) |
| 25:12 | Queue | Scorpion |
| 25:17 | Queue | Villager (Male) |
| 25:17 | Queue | Villager (Male) |
| 25:28 | Build | Town Center |
| 25:43 | Build | House |
| 25:44 | Build | Palisade Wall |
| 25:49 | Queue | Villager (Male) |
| 25:49 | Queue | Villager (Male) |
| 25:56 | Build | House |
| 25:59 | Build | House |
| 26:05 | Build | Farm |
| 26:07 | Build | Farm |
| 26:12 | Build | Farm |
| 26:39 | Queue | Villager (Male) |
| 26:39 | Queue | Villager (Male) |
| 26:52 | Build | Monastery |
| 27:11 | Queue | Villager (Male) |
| 27:15 | Queue | Scorpion |
| 27:23 | Queue | Monk |
| 27:23 | Queue | Monk |
| 27:27 | Build | Farm |
| 27:29 | Build | Farm |
| 27:33 | Build | Farm |
| 27:35 | Build | Farm |
| 27:56 | Queue | Villager (Male) |
| 27:56 | Queue | Villager (Male) |
| 27:57 | Queue | Villager (Male) |
| 27:57 | Queue | Villager (Male) |
| 27:59 | Build | Farm |
| 28:00 | Build | Farm |
| 28:00 | Build | Farm |
| 28:01 | Build | Farm |
| 28:01 | Build | Farm |
| 28:21 | Queue | Monk |
| 28:22 | Queue | Villager (Male) |
| 28:22 | Queue | Villager (Male) |
| 28:23 | Queue | Villager (Male) |
| 28:29 | Build | Farm |
| 28:29 | Build | Farm |
| 28:29 | Build | Farm |
| 28:39 | Queue | Mangonel |
| 29:05 | Build | Siege Workshop |
| 29:13 | Queue | Villager (Male) |
| 29:14 | Queue | Villager (Male) |
| 29:46 | Queue | Villager (Male) |
| 29:47 | Queue | Villager (Male) |
| 30:28 | Build | Town Center |
| 30:40 | Queue | Villager (Male) |
| 30:40 | Queue | Villager (Male) |
| 30:41 | Queue | Villager (Male) |
| 30:41 | Research | Hand Cart |
| 31:06 | Build | Town Center |
| 31:28 | Queue | Villager (Male) |
| 31:28 | Queue | Villager (Male) |
| 31:29 | Queue | Villager (Male) |
| 31:33 | Queue | Monk |
| 31:36 | Queue | Scorpion |
| 31:36 | Queue | Scorpion |
| 32:00 | Build | Town Center |
| 32:12 | Queue | Villager (Male) |
| 32:12 | Queue | Villager (Male) |
| 32:13 | Queue | Villager (Male) |
| 32:17 | Build | Farm |
| 32:18 | Build | Farm |
| 32:37 | Queue | Villager (Male) ×3 |
Build order — Rye
First 150 of 278 actions detected
| 0:00 | Queue | Villager (Male) |
| 0:01 | Queue | Villager (Male) |
| 0:02 | Build | House |
| 0:03 | Build | House |
| 0:08 | Queue | Villager (Male) |
| 0:09 | Queue | Villager (Male) |
| 1:25 | Queue | Villager (Male) |
| 2:00 | Queue | Villager (Male) |
| 2:21 | Queue | Villager (Male) |
| 2:30 | Build | Lumber Camp |
| 2:48 | Queue | Villager (Male) |
| 2:58 | Queue | Villager (Male) |
| 3:32 | Queue | Villager (Male) |
| 3:48 | Build | House |
| 4:04 | Queue | Villager (Male) |
| 4:25 | Queue | Villager (Male) |
| 4:40 | Queue | Villager (Male) |
| 4:57 | Build | Mill |
| 5:17 | Queue | Villager (Male) |
| 5:33 | Queue | Villager (Male) |
| 6:12 | Queue | Villager (Male) |
| 6:14 | Research | Loom |
| 6:26 | Research | Loom |
| 6:34 | Build | Palisade Wall |
| 7:01 | Research | Feudal Age |
| 7:49 | Queue | Villager (Male) |
| 7:59 | Build | Lumber Camp |
| 8:08 | Queue | Villager (Male) |
| 8:32 | Queue | Villager (Male) |
| 9:03 | Build | House |
| 9:16 | Age | Feudal Age |
| 10:18 | Build | Town Center |
| 11:41 | Queue | Villager (Male) |
| 11:41 | Queue | Villager (Male) |
| 11:55 | Queue | Villager (Male) |
| 12:29 | Queue | Villager (Male) |
| 12:40 | Queue | Villager (Male) |
| 12:41 | Queue | Villager (Male) |
| 12:46 | Build | Barracks |
| 13:04 | Queue | Villager (Male) |
| 13:10 | Queue | Villager (Male) |
| 13:14 | Build | House |
| 13:33 | Queue | Villager (Male) |
| 14:01 | Build | Mining Camp |
| 14:05 | Queue | Villager (Male) |
| 14:29 | Queue | Villager (Male) |
| 14:37 | Queue | Spearman |
| 14:44 | Queue | Villager (Male) |
| 14:48 | Queue | Villager (Male) |
| 15:04 | Build | Outpost |
| 15:14 | Queue | Villager (Male) |
| 15:19 | Research | Double-Bit Axe |
| 15:25 | Queue | Villager (Male) |
| 15:44 | Build | Archery Range |
| 15:56 | Queue | Villager (Male) |
| 16:08 | Build | House |
| 16:16 | Queue | Villager (Male) |
| 16:22 | Build | Farm |
| 16:27 | Queue | Archer |
| 16:29 | Queue | Archer |
| 16:30 | Queue | Villager (Male) |
| 16:39 | Build | Outpost |
| 16:48 | Build | Farm |
| 16:53 | Research | Horse Collar |
| 16:58 | Build | Farm |
| 17:13 | Build | Farm |
| 17:13 | Queue | Villager (Male) |
| 17:18 | Build | Farm |
| 17:21 | Queue | Archer |
| 17:23 | Queue | Villager (Male) |
| 17:27 | Build | Farm |
| 17:56 | Build | Farm |
| 17:57 | Queue | Villager (Male) |
| 18:04 | Build | Farm |
| 18:07 | Queue | Villager (Male) |
| 18:15 | Queue | Archer |
| 18:18 | Build | House |
| 18:24 | Build | Farm |
| 18:25 | Build | Farm |
| 18:42 | Build | House |
| 18:45 | Queue | Villager (Male) |
| 18:53 | Build | Farm |
| 19:05 | Build | Outpost |
| 19:25 | Build | Market |
| 20:02 | Build | Farm |
| 20:06 | Queue | Villager (Male) |
| 20:22 | Build | Outpost |
| 20:27 | Build | Farm |
| 20:52 | Build | Archery Range |
| 20:54 | Research | Castle Age |
| 21:19 | Build | Outpost |
| 21:37 | Build | Blacksmith |
| 22:02 | Build | Stable |
| 22:04 | Queue | Villager (Male) |
| 22:41 | Research | Fletching |
| 23:20 | Queue | Villager (Male) |
| 23:24 | Build | Outpost |
| 23:34 | Age | Castle Age |
| 23:38 | Queue | Cavalry Archer |
| 23:44 | Build | Town Center |
| 23:57 | Queue | Knight |
| 24:00 | Queue | Villager (Male) |
| 24:07 | Queue | Knight |
| 24:08 | Queue | Villager (Male) |
| 24:17 | Build | Monastery |
| 24:27 | Queue | Villager (Male) |
| 24:27 | Queue | Villager (Male) |
| 24:38 | Queue | Cavalry Archer |
| 24:39 | Queue | Cavalry Archer |
| 24:44 | Queue | Villager (Male) |
| 24:44 | Queue | Villager (Male) |
| 24:51 | Queue | Cavalry Archer |
| 24:52 | Queue | Cavalry Archer |
| 24:55 | Build | House |
| 25:10 | Research | Bodkin Arrow |
| 25:13 | Queue | Villager (Male) |
| 25:19 | Build | Lumber Camp |
| 25:26 | Queue | Villager (Male) |
| 25:38 | Queue | Villager (Male) |
| 25:39 | Queue | Villager (Male) |
| 25:40 | Queue | Villager (Male) |
| 25:46 | Queue | Cavalry Archer |
| 25:46 | Queue | Cavalry Archer |
| 25:53 | Queue | Villager (Male) |
| 25:54 | Queue | Villager (Male) |
| 26:31 | Build | Siege Workshop |
| 26:39 | Queue | Villager (Male) |
| 26:42 | Queue | Archer |
| 26:45 | Build | House |
| 27:00 | Build | Mining Camp |
| 27:00 | Queue | Villager (Male) |
| 27:11 | Queue | Mangonel |
| 27:19 | Build | House |
| 27:20 | Queue | Villager (Male) |
| 27:23 | Build | House |
| 27:37 | Queue | Villager (Male) |
| 27:50 | Build | Outpost |
| 27:53 | Build | House |
| 27:54 | Queue | Villager (Male) |
| 27:56 | Queue | Monk |
| 28:01 | Queue | Villager (Male) |
| 28:07 | Queue | Villager (Male) |
| 28:17 | Queue | Villager (Male) |
| 28:24 | Build | Farm |
| 28:28 | Queue | Villager (Male) |
| 28:38 | Queue | Mangonel |
| 28:39 | Queue | Villager (Male) |
| 28:46 | Queue | Villager (Male) |
| 28:48 | Queue | Villager (Male) |
| 28:56 | Queue | Villager (Male) |
Match timeline
| 6:34 | Rye · wall_segment Palisade Wall x1 |
| 8:04 | Мамкин руинер · wall_segment Palisade Wall x1 |
| 8:06 | Мамкин руинер · wall_segment Palisade Wall x1 |
| 8:07 | Мамкин руинер · wall_segment Palisade Wall x1 |
| 8:09 | Мамкин руинер · wall_segment Palisade Wall x2 |
| 8:12 | Мамкин руинер · wall_segment Palisade Wall x3 |
| 9:16 | Rye · age_up feudal |
| 12:46 | Rye · first_building Barracks |
| 15:44 | Rye · first_building Archery Range |
| 18:00 | Мамкин руинер · age_up feudal |
| 20:20 | Мамкин руинер · first_market_buy 100 wood |
| 20:38 | Rye · first_market_sell 100 wood |
| 20:39 | Rye · first_market_buy 100 food |
| 21:20 | Мамкин руинер · age_up castle |
| 21:25 | Мамкин руинер · first_building Siege Workshop |
| 22:02 | Rye · first_building Stable |
| 23:34 | Rye · age_up castle |
| 24:17 | Rye · first_building Monastery |
| 25:44 | Мамкин руинер · wall_segment Palisade Wall x1 |
| 26:31 | Rye · first_building Siege Workshop |
| 26:52 | Мамкин руинер · first_building Monastery |
| 30:07 | Мамкин руинер · first_market_sell 100 wood |
| 33:01 | Rye · first_building Castle |
| 34:22 | Мамкин руинер · wall_segment Stone Wall x1 |
| 36:07 | Мамкин руинер · first_building Castle |
| 37:22 | Мамкин руинер · first_building Barracks |
| 37:55 | Rye · age_up imperial |
| 41:04 | Мамкин руинер · first_building Stable |
| 42:34 | Мамкин руинер · resign |
[ AI ANALYSIS · 1 CREDIT ]
What really happened in this match?
Wolo.gg analyzes every decision: build order, eco, micro, common mistakes by bracket. Personalized analysis on WhatsApp or Discord in 30 seconds.
Civ guide
Persians
Perfil
Elite_Skirm_Enjoyer